[Event "ICC tourney 2087 (3 2)"]
[Site "Internet Chess Club"]
[Date "2020.10.30"]
[Round "4"]
[White "spellking98"]
[Black "Ben2008"]
[Result "1-0"]
[ICCResult "Black forfeits on time"]
[WhiteElo "1806"]
[BlackElo "1449"]
[Opening "Sicilian defense"]
[ECO "B20"]
[NIC "SI.48"]
[Time "20:39:36"]
[TimeControl "180+2"]

1. e4 c5 2. b3 d6 3. Bb2 e6 4. g3 Nf6 5. Bg2 Nc6 6. Ne2 Be7 7. O-O O-O 8. f4
e5 9. Nbc3 Bg4 10. h3 Bxe2 11. Qxe2 Nd4 12. Qd1 g6 13. f5 Nh5 14. Kh2 Bg5
15. Nd5 Nf6 16. c3 Nc6 17. h4 Bh6 18. Ne3 g5 19. h5 Kh8 20. Nd5 Rg8 21. g4
Bg7 22. Qf3 h6 23. d4 cxd4 24. cxd4 Qe8 25. Nc7 Qc8 26. Nxa8 Qxa8 27. d5 Ne7
28. Rac1 Ne8 29. Kg3 f6 30. Qd3 Qd8 31. Ba3 Nc7 32. Rc2 Na6 33. Rfc1 Bf8 34.
Bf1 Nb8 35. Qd2 {Black forfeits on time} 1-0

[Event "ICC tourney 2087 (3 2)"]
[Site "Internet Chess Club"]
[Date "2020.10.30"]
[Round "4"]
[White "helavir"]
[Black "Alec-hine"]
[Result "1-0"]
[ICCResult "Black forfeits on time"]
[WhiteElo "2255"]
[BlackElo "1670"]
[Opening "Réti: King's Indian attack"]
[ECO "A05"]
[NIC "QP.11"]
[Time "20:40:04"]
[TimeControl "180+2"]

1. Nf3 Nf6 2. g3 g6 3. Bg2 Bg7 4. O-O O-O 5. c4 d5 6. cxd5 Nxd5 7. Nc3 Nxc3
8. bxc3 c5 9. Rb1 Nc6 10. e3 Qc7 11. d4 Rd8 12. Qc2 b6 13. Ba3 Bb7 14. dxc5
Na5 15. c4 bxc5 16. Rb5 Rac8 17. Rxc5 Qb6 18. Rb1 Qa6 19. Rxc8 Rxc8 20. Bxe7
Nxc4 21. Qb3 Bd5 22. Rd1 Qc6 23. Nd4 Qa8 24. Bxd5 Qxd5 25. Nb5 Qe6 26. Nd6
Nxd6 27. Qxe6 fxe6 28. Rxd6 Rc1+ 29. Kg2 Rc2 30. Ra6 Rc7 31. Bd6 Rd7 32. Bb8
Kf7 33. Rxa7 Rxa7 34. Bxa7 Ke7 35. Bd4 Bf8 36. Bc5+ {Black forfeits on time}
1-0

[Event "ICC tourney 2087 (3 2)"]
[Site "Internet Chess Club"]
[Date "2020.10.30"]
[Round "4"]
[White "MiamiBoy"]
[Black "clair"]
[Result "1-0"]
[ICCResult "Black checkmated"]
[WhiteElo "1708"]
[BlackElo "1254"]
[Opening "Robatsch defense"]
[ECO "B06"]
[NIC "KF.05"]
[Time "20:39:45"]
[TimeControl "180+2"]

1. e4 g6 2. d4 Bg7 3. Nc3 e6 4. g3 Ne7 5. Bg2 O-O 6. Nge2 d5 7. O-O dxe4 8.
Nxe4 Nbc6 9. c3 h6 10. Nc5 b6 11. Qa4 bxc5 12. Bxc6 Rb8 13. dxc5 Nxc6 14.
Qxc6 Bb7 15. Qa4 Qd5 16. f3 Qxc5+ 17. Kg2 Rfd8 18. Qf4 g5 19. Qe3 Qxe3 20.
Bxe3 Ba6 21. Rf2 Rxb2 22. Nd4 Rxf2+ 23. Kxf2 Rb8 24. Nb3 Bxc3 25. Rc1 Bg7
26. Rxc7 Bc4 27. Rxc4 a5 28. Ra4 Rb5 29. Rxa5 Rb4 30. Ra8+ Kh7 31. Ke2 Kg6
32. Kd3 Rb5 33. Rc8 Rd5+ 34. Ke2 Rb5 35. Rc2 Rb8 36. Nd4 Ra8 37. Kd3 Ra3+
38. Nb3 Ra4 39. Bd4 e5 40. Bc3 f5 41. Nc5 e4+ 42. fxe4 fxe4+ 43. Nxe4 Bxc3
44. Nxc3 Ra7 45. a4 Rd7+ 46. Kc4 Rc7+ 47. Kb5 Re7 48. a5 g4 49. a6 h5 50.
Kb6 Re8 51. a7 Re6+ 52. Kb7 Re7+ 53. Ka6 Re6+ 54. Ka5 Re5+ 55. Nb5 Re8 56.
Kb6 h4 57. Kb7 hxg3 58. hxg3 Re7+ 59. Kb8 Re8+ 60. Rc8 Re5 61. a8=Q Rxb5+
62. Kc7 Rc5+ 63. Kd6 Rf5 64. Rg8+ Kf7 65. Qf8# {Black checkmated} 1-0

[Event "ICC tourney 2087 (3 2)"]
[Site "Internet Chess Club"]
[Date "2020.10.30"]
[Round "4"]
[White "funplaychess"]
[Black "speedskater"]
[Result "0-1"]
[ICCResult "White resigns"]
[WhiteElo "1658"]
[BlackElo "1874"]
[Opening "QGD Slav: 4.Nc3"]
[ECO "D15"]
[NIC "SL.03"]
[Time "20:39:43"]
[TimeControl "180+2"]

1. d4 d5 2. c4 c6 3. Nf3 Nf6 4. Nc3 a6 5. e3 Bf5 6. cxd5 cxd5 7. Qb3 Ra7 8.
a3 Nc6 9. Bd2 e6 10. Nh4 Bg4 11. h3 Bh5 12. g4 Nd7 13. Ng2 Bg6 14. Nf4 Bd6
15. Nxg6 hxg6 16. Bg2 Na5 17. Qc2 Nc4 18. e4 Nxd2 19. Qxd2 dxe4 20. Nxe4 Be7
21. d5 exd5 22. Qxd5 O-O 23. O-O Nf6 24. Qxd8 Rxd8 25. Rfd1 Nxe4 26. Bxe4 b5
27. Rxd8+ Bxd8 28. Rd1 Bf6 29. b3 Re7 30. f3 Rc7 31. Rd6 a5 32. Rd5 Rc1+ 33.
Kg2 Ra1 34. Rxb5 Rxa3 35. Rb8+ Kh7 36. Bd5 Ra2+ 37. Kf1 Bd4 38. Rb7 f6 39.
h4 Rf2+ 40. Ke1 Rh2 41. Be4 Bc3+ 42. Kf1 Rxh4 43. Rb5 Kh6 44. Kg2 Be5 45.
Rxa5 Rh2+ 46. Kg1 Rb2 47. Rb5 Kg5 48. Kf1 Kf4 49. Bxg6 Kxf3 50. g5 Rh2 51.
Ke1 Bf4 52. Kd1 fxg5 53. Rb7 Be5 54. Re7 Bf6 55. Rd7 g4 56. Rd3+ Kf4 57. Rd2
g3 58. Be8 Rxd2+ 59. Kxd2 g2 {White resigns} 0-1

[Event "ICC tourney 2087 (3 2)"]
[Site "Internet Chess Club"]
[Date "2020.10.30"]
[Round "4"]
[White "challenger2010"]
[Black "Goran21"]
[Result "1-0"]
[ICCResult "Black resigns"]
[WhiteElo "1901"]
[BlackElo "1931"]
[Opening "Sicilian"]
[ECO "B54"]
[NIC "SI.01"]
[Time "20:39:41"]
[TimeControl "180+2"]

1. e4 c5 2. Nf3 d6 3. d4 cxd4 4. Nxd4 e5 5. Bb5+ Bd7 6. Bxd7+ Qxd7 7. Ne2
Nf6 8. Nbc3 Qc6 9. Ng3 Nbd7 10. Bg5 h6 11. Bxf6 Nxf6 12. Qf3 b5 13. Nh5 Nxh5
14. Qxh5 g6 15. Qe2 Bg7 16. Qxb5 Qxb5 17. Nxb5 Ke7 18. Nc3 Rhc8 19. Nd5+ Ke6
20. Kd2 Rab8 21. b3 f5 22. f3 h5 23. c4 a5 24. Nc3 Bh6+ 25. Ke2 fxe4 26.
fxe4 h4 27. g3 Rh8 28. Raf1 Bg5 29. Rf3 Rh7 30. g4 h3 31. Nd5 Bf4 32. Nxf4+
exf4 33. Rxf4 Ke5 34. Rf3 a4 35. Rd1 Rh4 36. Rd5+ Ke6 37. Rfd3 Rb6 38. Kf3
Rh8 39. Kg3 Ra8 40. Kxh3 Rc8 41. Kg3 Ra6 42. h4 axb3 43. axb3 Rf8 44. Rf3
Rb8 45. Rg5 Ra1 46. Rxg6+ Ke5 47. Rf5+ Kxe4 48. Re6+ Kd4 49. Rxd6+ Ke4 50.
Rf3 Rg1+ 51. Kf2 Rxg4 52. h5 Rh4 53. Rd5 Rh2+ 54. Kg3 Rh1 55. Kf2 Rh2+ 56.
Kg1 Rh4 57. Rfd3 Rg8+ 58. Kf2 Rh2+ 59. Kf1 Rh1+ 60. Kf2 Rh2+ 61. Kf1 Rf8+
62. Ke1 Ra8 63. R5d4+ Ke5 64. Rd5+ Kf6 65. Rd6+ Ke7 66. Rd7+ Ke8 67. Rd1
Rh1+ 68. Ke2 Rh2+ 69. Ke3 Rxh5 70. R7d3 Rh2 71. Kd4 Kd7 72. Kc3+ Kc6 73.
R1d2 Rh6 74. b4 Ra3+ 75. Kb2 Ra8 76. b5+ Kc5 77. Kb3 Rh1 78. Rd5+ Kb6 79.
Rd6+ Kc7 80. Rc6+ Kb7 81. Rd7+ Kb8 82. Rd8+ Kb7 83. Rxa8 Kxa8 84. Kb4 Kb7
85. Rd6 Rb1+ 86. Kc5 Kc7 87. b6+ Kc8 88. Kc6 Rb4 89. b7+ Rxb7 90. Rd8+ Kxd8
91. Kxb7 Kd7 92. c5 Kd8 93. c6 Ke7 94. c7 {Black resigns} 1-0

[Event "ICC tourney 2087 (3 2)"]
[Site "Internet Chess Club"]
[Date "2020.10.30"]
[Round "5"]
[White "aplusk"]
[Black "JGroder"]
[Result "1/2-1/2"]
[ICCResult "Game drawn by mutual agreement"]
[WhiteElo "2677"]
[BlackElo "1660"]
[Opening "Sicilian: closed, 2...Nc6"]
[ECO "B23"]
[NIC "SI.44"]
[Time "20:50:59"]
[TimeControl "180+2"]

1. e4 c5 2. Nc3 Nc6 3. Bb5 Nd4 4. Bc4 e6 5. Nf3 a6 6. d3 b5 7. Bb3 Nxb3 8.
a3 Nxc1 9. Rxc1 Bb7 10. O-O d6 11. d4 {Game drawn by mutual agreement}
1/2-1/2

[Event "ICC tourney 2087 (3 2)"]
[Site "Internet Chess Club"]
[Date "2020.10.30"]
[Round "5"]
[White "funplaychess"]
[Black "jsl1996"]
[Result "0-1"]
[ICCResult "White resigns"]
[WhiteElo "1657"]
[BlackElo "2133"]
[Opening "Catalan: open, 5.Nf3"]
[ECO "E04"]
[NIC "CA.03"]
[Time "20:50:54"]
[TimeControl "180+2"]

1. d4 Nf6 2. c4 e6 3. g3 d5 4. Bg2 dxc4 5. Nf3 a6 6. O-O Nc6 7. e3 Rb8 8.
Qe2 b5 9. b3 cxb3 10. axb3 Be7 11. Bb2 O-O 12. Rc1 Rb6 13. Nbd2 Bb7 14. Ne1
Nb4 15. Bxb7 Rxb7 16. Bc3 Rb6 17. Bxb4 Bxb4 18. Nd3 Be7 19. b4 Nd5 20. Rab1
Rb8 21. Ne5 Nxb4 22. Rxb4 Bxb4 23. Nc6 Qd6 24. Nxb8 Rxb8 25. Nb3 h6 26. Qc2
Rb7 27. Qe4 Qd5 28. Qxd5 exd5 29. Nc5 Bxc5 30. Rxc5 b4 31. Rxd5 b3 32. Rc5
b2 33. h4 b1=Q+ {White resigns} 0-1

[Event "ICC tourney 2087 (3 2)"]
[Site "Internet Chess Club"]
[Date "2020.10.30"]
[Round "5"]
[White "speedskater"]
[Black "TjkTiger"]
[Result "0-1"]
[ICCResult "White resigns"]
[WhiteElo "1872"]
[BlackElo "2322"]
[Opening "Grünfeld: exchange variation"]
[ECO "D85"]
[NIC "GI.03"]
[Time "20:50:52"]
[TimeControl "180+2"]

1. d4 Nf6 2. c4 g6 3. Nc3 d5 4. cxd5 Nxd5 5. Bd2 Bg7 6. e4 Nxc3 7. Bxc3 O-O
8. Qd2 Nc6 9. d5 Ne5 10. f4 Nd7 11. Bxg7 Kxg7 12. Nf3 Nf6 13. Qc3 Kg8 14.
Bd3 c6 15. dxc6 Qb6 16. O-O-O Be6 17. Nd4 Bg4 18. Rd2 Rfd8 19. Bc2 bxc6 20.
Qxc6 Qa5 21. a3 Rac8 22. Qb5 Qc7 23. Re1 Rxd4 {White resigns} 0-1

[Event "ICC tourney 2087 (3 2)"]
[Site "Internet Chess Club"]
[Date "2020.10.30"]
[Round "5"]
[White "Goran21"]
[Black "Ben2008"]
[Result "1-0"]
[ICCResult "Black resigns"]
[WhiteElo "1933"]
[BlackElo "1447"]
[Opening "Sicilian: Sozin with ...a6 and ...b5"]
[ECO "B87"]
[NIC "SI.13"]
[Time "20:50:50"]
[TimeControl "180+2"]

1. e4 c5 2. Nf3 d6 3. d4 cxd4 4. Nxd4 Nf6 5. Nc3 a6 6. Bc4 e6 7. Bb3 b5 8.
f4 Bb7 9. f5 exf5 10. Nxf5 Nc6 11. Be3 Ne5 12. O-O Nxe4 13. Nxe4 Bxe4 14.
Bd4 Bxf5 15. Rxf5 Nc4 16. Qf3 f6 17. Qc6+ Kf7 18. Qd5+ Ke8 19. Re1+ Be7 20.
Qc6+ Kf8 21. c3 Na5 22. Qd5 Nxb3 23. axb3 Rc8 24. Rf3 Qd7 25. Rfe3 Re8 26.
Re6 Rg8 27. Qf5 g6 28. Rxf6+ Bxf6 29. Qxd7 {Black resigns} 1-0

[Event "ICC tourney 2087 (3 2)"]
[Site "Internet Chess Club"]
[Date "2020.10.30"]
[Round "5"]
[White "manest"]
[Black "GGuseinov"]
[Result "1/2-1/2"]
[ICCResult "Game drawn by mutual agreement"]
[WhiteElo "2706"]
[BlackElo "2827"]
[Opening "Sicilian: Hungarian variation"]
[ECO "A04"]
[NIC "QP.11"]
[Time "20:51:31"]
[TimeControl "180+2"]

1. Nf3 g6 2. e4 c5 3. d4 cxd4 4. c3 Nf6 5. e5 Nd5 6. Bc4 Nb6 7. Bb3 Bg7 8.
O-O O-O 9. cxd4 d6 10. h3 dxe5 11. dxe5 Qxd1 12. Rxd1 Nc6 13. Bf4 Be6 14.
Nc3 Bxb3 15. axb3 Rfd8 16. Kf1 Rac8 17. Rxd8+ Rxd8 18. Be3 Nd7 19. e6 fxe6
20. Ng5 Nf8 21. b4 a6 22. b5 axb5 23. Nxb5 Bxb2 24. Rb1 Bf6 25. Ne4 e5 26.
Na7 Nxa7 27. Bxa7 Rd7 28. Nc5 Rc7 29. Rxb7 Rxb7 30. Nxb7 Kf7
{Game drawn by mutual agreement}
1/2-1/2

[Event "ICC tourney 2087 (3 2)"]
[Site "Internet Chess Club"]
[Date "2020.10.30"]
[Round "5"]
[White "challenger2010"]
[Black "helavir"]
[Result "0-1"]
[ICCResult "White checkmated"]
[WhiteElo "1897"]
[BlackElo "2259"]
[Opening "Caro-Kann: two knights variation"]
[ECO "B10"]
[NIC "CK.01"]
[Time "20:51:03"]
[TimeControl "180+2"]

1. e4 c6 2. Nf3 d5 3. Nc3 a6 4. d4 Bg4 5. e5 e6 6. h3 Bh5 7. Bd3 c5 8. g4
Bg6 9. Ne2 Nc6 10. c3 Be4 11. Ng3 Bxf3 12. Qxf3 cxd4 13. cxd4 Bb4+ 14. Kf1
Nxd4 15. Qf4 Nc6 16. Nh5 g6 17. Ng7+ Ke7 18. Be3 d4 19. Be4 dxe3 20. Kg2 Qd2
21. Bxc6 bxc6 22. Qg5+ Kf8 23. Nxe6+ fxe6 24. Qf4+ Kg7 25. Rhd1 Qxf2+ 26.
Qxf2 exf2 27. Rd7+ Kh6 28. h4 Rf8 29. Rf1 Ne7 30. Kg3 Rf7 31. Rd4 Bc5 32.
Re4 Rhf8 33. b4 Rf3+ 34. Kg2 Be3 35. g5+ Kg7 36. a4 Nd5 37. b5 axb5 38. axb5
cxb5 39. h5 gxh5 40. g6 hxg6 41. Rxf2 Rxf2+ 42. Kh1 Rf1+ 43. Kg2 Rg1+ 44.
Kh2 Rff1 45. Rxe3 Nxe3 46. Kh3 Rf2 47. Kh4 Rh2# {White checkmated} 0-1

[Event "ICC tourney 2087 (3 2)"]
[Site "Internet Chess Club"]
[Date "2020.10.30"]
[Round "5"]
[White "Openyagami"]
[Black "kurumania"]
[Result "1/2-1/2"]
[ICCResult "Game drawn by mutual agreement"]
[WhiteElo "2758"]
[BlackElo "2787"]
[Opening "Réti opening"]
[ECO "A04"]
[NIC "QP.10"]
[Time "20:51:03"]
[TimeControl "180+2"]

1. Nf3 c5 2. g3 Nc6 3. Bg2 Nf6 4. O-O e6 5. c4 Be7 6. Nc3 d5 7. d4 dxc4 8.
dxc5 O-O 9. Qa4 Bxc5 10. Qxc4 Bb6 11. Bf4 Qe7 12. Rad1 e5 13. Bg5 Be6 14.
Qh4 h6 15. Bxf6 Qxf6 16. Qxf6 gxf6 17. Nd5 Kg7 18. e3 Rfd8 19. Nh4 Rd7 20.
Nxb6 axb6 21. Rxd7 Bxd7 22. a3 Bg4 23. Rc1 Rd8 24. h3 Be6 25. Bxc6 bxc6 26.
g4 c5 27. Kg2 Rd2 28. b4 c4 29. Nf5+ Kg6 30. b5 Rb2 31. Nd6 h5 32. Kg3 hxg4
33. hxg4 Rb3 34. Nxc4 Bxc4 35. Rxc4 Rxb5 36. Rc8 Kg7 37. Kf3 Rb2 38. Ra8 b5
39. Kg3 Ra2 40. Ra5 Kg6 41. Rxb5 Rxa3 42. Rb8 Kg7 43. Rb6
{Game drawn by mutual agreement}
1/2-1/2

[Event "ICC tourney 2087 (3 2)"]
[Site "Internet Chess Club"]
[Date "2020.10.30"]
[Round "5"]
[White "clair"]
[Black "IndianTerritory"]
[Result "0-1"]
[ICCResult "White forfeits on time"]
[WhiteElo "1252"]
[BlackElo "1744"]
[Opening "Queen's pawn"]
[ECO "A40"]
[NIC "QO.17"]
[Time "20:50:55"]
[TimeControl "180+2"]

1. d4 c6 2. Bf4 d5 3. e3 Qb6 4. Qc1 Nf6 5. c3 Bf5 6. h3 c5 7. Nd2 cxd4 8.
exd4 e6 9. Ngf3 Bd6 10. Bxd6 Qxd6 11. Nh4 Be4 12. Nxe4 dxe4 13. g4 O-O 14.
Qe3 Qd8 15. Ng2 Nc6 16. g5 Nd5 17. Qxe4 Qxg5 18. Qg4 Qe7 19. Bd3 Nf6 20. Qe2
Rac8 21. O-O Rfd8 22. Rfe1 Qc7 23. Qf3 Qb6 24. Rab1 Qa5 25. a3 Qg5 26. Qe3
Qd5 27. Nf4 Qa2 28. Kh2 Kh8 29. Rg1 Qb3 30. Qg3 Rg8 31. Qh4 e5 32. dxe5 Nxe5
33. Bf5 Nf3+ 34. Kh1 Nxh4 35. Bg4 Nxg4 36. hxg4 Nf3 37. Rg3 Ng5 38. Rbg1
Qxb2 39. Nh5 Qxf2 40. R3g2 Qh4+ 41. Rh2 Nh3 42. Rg3 Qe7 43. Rhxh3 Qe1+ 44.
Rg1 Qe4+ 45. Kh2 Qe5+ 46. Ng3 Rxc3 {White forfeits on time} 0-1

[Event "ICC tourney 2087 (3 2)"]
[Site "Internet Chess Club"]
[Date "2020.10.30"]
[Round "5"]
[White "gdavis23"]
[Black "MiamiBoy"]
[Result "1-0"]
[ICCResult "Black resigns"]
[WhiteElo "1845"]
[BlackElo "1705"]
[Opening "KGA: Fischer defense"]
[ECO "C34"]
[NIC "KG.02"]
[Time "20:50:55"]
[TimeControl "180+2"]

1. e4 e5 2. f4 exf4 3. Nf3 d6 4. d4 g5 5. h4 f6 6. hxg5 fxg5 7. Bc4 h6 8.
Nh4 Nf6 9. Ng6 Rh7 10. Nc3 Bg4 11. Qd3 Bh5 12. e5 dxe5 13. Nxf8 Kxf8 14.
Rxh5 e4 15. Qh3 Nxh5 16. Qxh5 Qxd4 17. Qg6 Rg7 18. Qf5+ Ke8 19. Qc8+ Qd8 20.
Qxb7 Nd7 21. Qc6 Rb8 22. Qxh6 Qf6 23. Qh8+ Qf8 24. Qh5+ Kd8 25. Nxe4 Qe7 26.
Qh8+ Nf8 27. Bd3 Rb4 28. Kf1 Kd7 29. Bd2 Rd4 30. Bc3 c5 31. Bxd4 cxd4 32.
Re1 Qf7 33. Nc5+ Kc6 34. Nb3 Rh7 35. Bxh7 Nxh7 36. Re6+ Qxe6 37. Nxd4+
{Black resigns}
1-0

[Event "ICC tourney 2087 (3 2)"]
[Site "Internet Chess Club"]
[Date "2020.10.30"]
[Round "5"]
[White "MrNormalName"]
[Black "turbopawn"]
[Result "0-1"]
[ICCResult "White checkmated"]
[WhiteElo "1901"]
[BlackElo "2589"]
[Opening "King's Indian: Andersson variation"]
[ECO "E92"]
[NIC "KI.18"]
[Time "20:51:40"]
[TimeControl "180+2"]

1. d4 Nf6 2. c4 g6 3. Nc3 Bg7 4. e4 d6 5. Nf3 O-O 6. Be2 e5 7. dxe5 dxe5 8.
Qxd8 Rxd8 9. Nd5 Nxd5 10. cxd5 c6 11. Bc4 b5 12. Bb3 Bb7 13. Bg5 Re8 14. Rd1
c5 15. d6 Nd7 16. Bd5 Bxd5 17. Rxd5 Rac8 18. Ke2 Rc6 19. Rhd1 f6 20. Be3 a6
21. Ne1 Kf7 22. Nd3 Rec8 23. Rc1 f5 24. f3 c4 25. Nb4 Ke6 26. Nxc6 Rxc6 27.
Rcd1 Bf8 28. a4 b4 29. exf5+ gxf5 30. f4 Bxd6 31. fxe5 Nxe5 32. Bf4 Bc7 33.
Bxe5 Bxe5 34. R5d2 b3 35. Rc1 Bf4 36. Re1 Bxd2 37. Kxd2+ Kd5 38. Kc3 a5 39.
Re7 Rh6 40. h3 Rg6 41. Rd7+ Kc6 42. Rd2 Kc5 43. Rf2 Rg3+ 44. Kd2 Kb4 45.
Rxf5 Rxg2+ 46. Kc1 Rg1+ 47. Kd2 Rb1 48. Rh5 Rxb2+ 49. Kc1 Rc2+ 50. Kb1 c3
51. Rxh7 Rh2 52. Rh4+ Ka3 53. Kc1 Rh1# {White checkmated} 0-1

[Event "ICC tourney 2087 (3 2)"]
[Site "Internet Chess Club"]
[Date "2020.10.30"]
[Round "5"]
[White "Alec-hine"]
[Black "ramennoodle"]
[Result "1-0"]
[ICCResult "Black checkmated"]
[WhiteElo "1673"]
[BlackElo "1266"]
[Opening "Trompowsky attack (Ruth, Opocenský opening)"]
[ECO "A45"]
[NIC "QP.07"]
[Time "20:50:50"]
[TimeControl "180+2"]

1. d4 Nf6 2. Bg5 d5 3. Bxf6 exf6 4. e3 Be6 5. g3 Be7 6. Bg2 c5 7. dxc5 Bxc5
8. c3 O-O 9. Ne2 Nc6 10. O-O Qd7 11. Nf4 Rfd8 12. Nd2 Ne5 13. Nb3 Bb6 14.
Nd4 Nc6 15. Qe2 Nxd4 16. cxd4 Rac8 17. Rfc1 Rc6 18. Qd2 Rdc8 19. Nd3 g6 20.
Rxc6 Rxc6 21. Rc1 Qc7 22. Rxc6 Qxc6 23. Nb4 Qd6 24. Nd3 a5 25. Qc3 Bf5 26.
Nf4 Be6 27. Qb3 Qc6 28. h4 a4 29. Qb4 Bc7 30. Nd3 Bf5 31. Nc5 b5 32. Qc3 Qd6
33. Qb4 Bb6 34. Qxb5 Bxc5 35. Qxc5 Qb8 36. Qc3 Qb5 37. b3 axb3 38. axb3 Be6
39. b4 Qe2 40. Bf1 Qf3 41. Bg2 Qe2 42. Bf1 Qf3 43. Qd2 Bd7 44. b5 Qf5 45. b6
Bc8 46. Qb4 Bb7 47. Qd6 Qc8 48. Qc7 Qa8 49. Bg2 Kg7 50. Bf3 Qa1+ 51. Kg2 Qa8
52. Be2 Kg8 53. Bb5 Kg7 54. Qd6 Qc8 55. Qc7 Qa8 56. Bd7 Qa6 57. Be6 Kh6 58.
Bxf7 Bc8 59. Bxd5 Bf5 60. Bf3 Bh3+ 61. Kxh3 Qf1+ 62. Kh2 Qxf2+ 63. Bg2 Qxe3
64. b7 Qxd4 65. b8=Q g5 66. hxg5+ Kxg5 67. Qb5+ Kg6 68. Qb1+ f5 69. Qc6+ Kg7
70. Qbb7+ Qd7 71. Qcxd7+ Kg6 72. Qbc6+ Kg5 73. Qg7+ Kh5 74. Qch6#
{Black checkmated}
1-0

[Event "ICC tourney 2087 (3 2)"]
[Site "Internet Chess Club"]
[Date "2020.10.30"]
[Round "5"]
[White "jy2020"]
[Black "spellking98"]
[Result "0-1"]
[ICCResult "White checkmated"]
[WhiteElo "1674"]
[BlackElo "1814"]
[Opening "Pirc defense"]
[ECO "B07"]
[NIC "PU.07"]
[Time "20:50:52"]
[TimeControl "180+2"]

1. e4 d6 2. d4 Nf6 3. Nc3 g6 4. Be3 c6 5. f3 Nbd7 6. Qd2 b5 7. O-O-O Qa5 8.
g4 h5 9. g5 Nh7 10. h4 Bg7 11. Nh3 b4 12. Nb1 c5 13. a3 Rb8 14. Nf2 O-O 15.
f4 cxd4 16. Bxd4 e5 17. axb4 Qa4 18. Bc3 exf4 19. Bxg7 Kxg7 20. Qxd6 Rxb4
21. b3 Qa5 22. Rd5 Qb6 23. Qxb6 Nxb6 24. Rd1 Be6 25. Bg2 Rc8 26. Kd2 Rd4+
27. Nd3 Bg4 28. Rdf1 Nf8 29. Rxf4 Ne6 30. Rf2 Nc5 31. Ke3 Rd7 32. Rhf1 Be6
33. Nxc5 Rxc5 34. Rd2 Rdc7 35. Rff2 a5 36. Na3 a4 37. bxa4 Nxa4 38. Nb1 Nb6
39. Kf4 Nc4 40. Rde2 Bg4 41. Re1 Nb6 42. c3 Na4 43. Ra2 Nxc3 44. Nxc3 Rxc3
45. Rf2 Be6 46. Bf3 R7c4 47. Re3 Rc1 48. Kg3 Rg1+ 49. Rg2 Rcc1 50. Re2 Rh1
51. Rh2 Rhd1 52. Re3 Rd4 53. Ree2 Kf8 54. Rc2 Ra1 55. Rb2 Ke7 56. Rb7+ Kd6
57. Kf4 Rf1 58. Rhb2 Rd3 59. R2b6+ Kc5 60. Rb5+ Kd4 61. Rb4+ Kc3 62. Ke5
Rfxf3 63. R4b6 Kd2 64. Rb2+ Ke3 65. Rh2 Rd4 66. Ra7 Rxe4+ 67. Kd6 Rd4+ 68.
Ke7 Rd5 69. Ra3+ Kf4 70. Ra4+ Kg3 71. Rh1 Kg2 72. Rb1 Rd7+ 73. Ke8 Rf2 74.
Rb8 Rd3 75. Kf8 Rg3 76. Rbb4 Rg4 77. Kg7 Rxb4 78. Rxb4 Kg3 79. Kh6 Rf4 80.
Rb6 Kxh4 81. Ra6 Rg4 82. Ra5 Kg3 83. Kg7 Rf4 84. Kh6 h4 85. Ra3+ Rf3 86. Ra1
h3 87. Rg1+ Kf2 88. Rh1 Kg2 89. Ra1 h2 90. Rb1 h1=Q+ 91. Rxh1 Kxh1 92. Kg7
Kg2 93. Kh6 Kg3 94. Kg7 Kg4 95. Kh6 Rh3+ 96. Kg7 Kxg5 97. Kg8 Kf6 98. Kf8
Rh8# {White checkmated} 0-1

[Event "ICC tourney 2087 (3 2)"]
[Site "Internet Chess Club"]
[Date "2020.10.30"]
[Round "6"]
[White "DarwinLaylo01"]
[Black "manest"]
[Result "0-1"]
[ICCResult "White resigns"]
[WhiteElo "1731"]
[BlackElo "2706"]
[Opening "Old Indian defense"]
[ECO "A42"]
[NIC "OI.07"]
[Time "21:04:32"]
[TimeControl "180+2"]

1. d4 d6 2. c4 e5 3. dxe5 dxe5 4. Qxd8+ Kxd8 5. Nc3 f6 6. g3 Be6 7. Bg2 c6
8. b3 Nd7 9. Bb2 Bb4 10. Nf3 Ne7 11. O-O Kc7 12. Rfd1 Rhd8 13. Rd2 Nc5 14.
Rad1 Rxd2 15. Rxd2 a5 16. Rd1 a4 17. Nd2 axb3 18. axb3 Bf5 19. Rc1 Rd8 20.
Nde4 Nxb3 21. Ra1 Nxa1 {White resigns} 0-1

[Event "ICC tourney 2087 (3 2)"]
[Site "Internet Chess Club"]
[Date "2020.10.30"]
[Round "6"]
[White "Ben2008"]
[Black "cjconstantine"]
[Result "1-0"]
[ICCResult "Black checkmated"]
[WhiteElo "1449"]
[BlackElo "1215"]
[Opening "Scotch game"]
[ECO "C45"]
[NIC "SO.04"]
[Time "21:04:16"]
[TimeControl "180+2"]

1. e4 e5 2. Nf3 Nc6 3. d4 exd4 4. Nxd4 d6 5. Nc3 Nf6 6. Be2 Be7 7. Be3 Ne5
8. O-O O-O 9. h3 c5 10. Nf3 Nxf3+ 11. Bxf3 Bd7 12. Nd5 Bc6 13. Bf4 Re8 14.
Nxe7+ Qxe7 15. Bxd6 Qe6 16. Bxc5 Bxe4 17. Bxe4 Qxe4 18. Re1 Qc4 19. Rxe8+
Rxe8 20. Be3 h5 21. c3 a6 22. Bd4 Ne4 23. Qxh5 b5 24. b3 Qe6 25. Re1 g6 26.
Qh8# {Black checkmated} 1-0

[Event "ICC tourney 2087 (3 2)"]
[Site "Internet Chess Club"]
[Date "2020.10.30"]
[Round "6"]
[White "JGroder"]
[Black "speedskater"]
[Result "0-1"]
[ICCResult "White checkmated"]
[WhiteElo "1653"]
[BlackElo "1879"]
[Opening "French defense, Steiner variation"]
[ECO "C00"]
[NIC "FR.01"]
[Time "21:04:16"]
[TimeControl "180+2"]

1. e4 e6 2. c4 d5 3. exd5 exd5 4. cxd5 Nf6 5. Bb5+ Nbd7 6. Nc3 Be7 7. Nf3
O-O 8. O-O Nb6 9. Qb3 Nbxd5 10. a3 c6 11. Be2 h6 12. d4 Qb6 13. Qxb6 Nxb6
14. h3 Be6 15. Ne5 Rad8 16. Be3 Nbd5 17. Bd2 Rfe8 18. f4 Nxc3 19. Bxc3 Nd5
20. Bd2 Bf6 21. Bf3 Nc7 22. Be3 Bd5 23. Be2 Be7 24. Kf2 Bf8 25. Rfe1 a6 26.
Nc4 Nb5 27. Nb6 Bb3 28. d5 Rxe3 29. Bxb5 Rxe1 30. Rxe1 cxb5 31. Kf3 Bc5 32.
d6 Bxb6 33. Re7 Rxd6 34. Rxb7 Bd5+ 35. Kg3 Bxb7 36. h4 Rd2 37. h5 Rxg2+ 38.
Kh3 Rxb2 39. a4 bxa4 40. f5 a3 41. f6 a2 42. fxg7 a1=Q 43. Kh4 Qh1+ 44. Kg4
Qf3+ 45. Kh4 Rh2# {White checkmated} 0-1

[Event "ICC tourney 2087 (3 2)"]
[Site "Internet Chess Club"]
[Date "2020.10.30"]
[Round "6"]
[White "spellking98"]
[Black "aplusk"]
[Result "0-1"]
[ICCResult "White resigns"]
[WhiteElo "1814"]
[BlackElo "2677"]
[Opening "Sicilian defense"]
[ECO "B20"]
[NIC "SI.48"]
[Time "21:04:20"]
[TimeControl "180+2"]

1. e4 c5 2. b3 g6 3. Bb2 Nf6 4. g3 Bg7 5. Bg2 O-O 6. Ne2 Nc6 7. O-O d6 8.
Nbc3 e5 9. h3 Nd4 10. f4 h5 11. d3 Be6 12. Nxd4 cxd4 13. Ne2 h4 14. g4 Nxg4
15. hxg4 Bxg4 16. Qe1 Rc8 17. c4 dxc3 18. Nxc3 f5 19. Nd5 Rc2 20. Rf2 Rxb2
21. Rxb2 exf4 22. Rab1 h3 23. Bh1 Bd4+ 24. Kh2 f3 25. Rc2 Qg5 26. Qd2 Be5+
27. Kg1 f2+ 28. Kf1 f4 29. Qxf2 h2 30. d4 f3 31. dxe5 Bh3+ 32. Ke1 Qg1+ 33.
Qxg1 hxg1=Q+ 34. Kd2 Qxb1 35. Nf6+ Rxf6 36. exf6 f2 37. e5 Qxc2+ 38. Kxc2
f1=Q 39. Bd5+ Kf8 40. e6 Qf5+ {White resigns} 0-1

[Event "ICC tourney 2087 (3 2)"]
[Site "Internet Chess Club"]
[Date "2020.10.30"]
[Round "6"]
[White "jsl1996"]
[Black "MrNormalName"]
[Result "1-0"]
[ICCResult "Black forfeits on time"]
[WhiteElo "2145"]
[BlackElo "1897"]
[Opening "Petrov three knights game"]
[ECO "C42"]
[NIC "RG.01"]
[Time "21:04:48"]
[TimeControl "180+2"]

1. e4 e5 2. Nf3 Nf6 3. Nc3 Bb4 4. Nxe5 d6 5. Nd3 Bxc3 6. dxc3 Nxe4 7. Be2
O-O 8. O-O Bf5 9. Nf4 c6 10. c4 Nd7 11. Be3 Ne5 12. Qd4 Qc7 13. Rad1 Rad8
14. b3 Rfe8 15. Rfe1 c5 16. Qb2 Nf6 17. h3 Qc6 18. Bf1 Be4 19. Ne2 d5 20.
cxd5 Nxd5 21. Bc1 Qg6 22. Ng3 Bxc2 23. Rd2 Nf3+ 24. gxf3 Rxe1 25. Rxc2 h5
26. h4 Nb4 27. Rxc5 Nd3 28. Qd2 Rxc1 29. Rxc1 Qf6 30. Bxd3 Qxf3 31. Bh7+
Kxh7 32. Qxd8 Qf4 33. Qg5 Qe4 34. Nxe4 {Black forfeits on time} 1-0